 Dungeon Crawl Stone Soup version 0.31.0-11-ge490571c62 (webtiles) character file.

Game seed: 16365485700964079305

128 qw the Shooter (level 4, -15/23 HPs)
             Began as a Spriggan Hunter on Feb 4, 2024.
             Demolished by Pikel
             ... wielding a +1 whip of electrocution
              (19 damage)
             ... on level 4 of the Dungeon.
             The game lasted 00:00:08 (2066 turns).

qw the Shooter (Spriggan Hunter)                    Turns: 2066, Time: 00:00:08

Health: -15/23     AC:  0    Str:  7    XL:     4   Next: 87%
Magic:  5/5        EV: 17    Int: 10    God:
Gold:   193        SH:  0    Dex: 20    Spells: 3/3 levels left

rFire   . . .        f - melded +6 orcbow of Vyoheesh {freeze, *Corrode rN+++ Will+ Dex-3}
rCold   . . .        (shield currently unavailable)
rNeg    . . .        c - melded +0 robe
rPois   .            (helmet currently unavailable)
rElec   .            d - melded +0 cloak
rCorr   .            (gloves unavailable)
SInv    +            (boots unavailable)
Will    .....        (no amulet)
Stlth   ++           (ring currently unavailable)
HPRegen 0.23/turn    (ring currently unavailable)
MPRegen 0.09/turn

%: no passive effects
@: pig-form, hasted, very quick
A: fast, no casting, small, no large weapons, unfitting armour, see invisible,
(speed 3)
a: no special abilities


You were on level 4 of the Dungeon.
You were a filthy swine.
You visited 1 branch of the dungeon, and saw 4 of its levels.

You collected 193 gold pieces.


Innate Abilities, Weirdness & Mutations

You are a filthy swine.
You move quickly.
Your equipment is almost entirely melded.
You are incapable of wielding weapons or throwing items.
You cannot cast spells.
You are very small and have problems with some larger weapons.
You are too small for most types of armour.
You have supernaturally acute eyesight. (SInv)
((You cover ground extremely quickly. (Speed+++)))


   Skills:
 - Level 2.4 Fighting
 - Level 5.3 Ranged Weapons
 + Level 4.1 Dodging
 - Level 1.5 Stealth


You had 3 spell levels left.
You didn't know any spells.
Your spell library was empty.

Inventory:

Hand Weapons
 f - the +6 orcbow of Vyoheesh (melded) {freeze, *Corrode rN+++ Will+ Dex-3}
   (You acquired it on level 2 of the Dungeon)

   Dex-3:     It affects your dexterity (-3).
   rN+++:     It renders you almost immune to negative energy.
   Will+:     It increases your willpower.
   *Corrode:  It may corrode you when you take damage.
Armour
 c - a +0 robe (melded)
 d - a +0 cloak (melded)
Potions
 g - a potion of enlightenment
 h - a potion of mutation {unknown}

Dungeon Overview and Level Annotations

Branches:
Dungeon (4/15)
 Temple: D:4-7

Altars:
Wu Jian
Zin

Annotations:
D:4 Pikel


Message History

The arrow hits the lemure but does no damage.
The lemure is severely wounded.
Pikel misses you.
You shoot an arrow. The arrow barely misses Pikel.
The arrow closely misses the lemure.
Pikel misses you.
You shoot an arrow. The arrow hits Pikel.
The arrow freezes Pikel.
Pikel is moderately wounded.
A ball python comes into view.
You shoot an arrow. The arrow closely misses Pikel.
The arrow hits the lemure.
The arrow freezes the lemure.
The lemure is almost dead.
Pikel hits you with a +1 whip of electrocution.
You shoot an arrow. The arrow barely misses Pikel.
The arrow barely misses the lemure.
Pikel barely misses you.
You shoot an arrow. The arrow closely misses Pikel.
The arrow completely misses the lemure.
Pikel closely misses you.
You shoot an arrow. The arrow closely misses Pikel.
The arrow hits the lemure.
The arrow freezes the lemure.
You kill the lemure!
That felt strangely unrewarding.
Pikel barely misses you.
You shoot an arrow. The arrow hits Pikel!
The arrow freezes Pikel.
Pikel is severely wounded.
Pikel zaps a wand.
You turn into a filthy swine.
The +6 orcbow of Vyoheesh {freeze, *Corrode rN+++ Will+ Dex-3} melds into your body.
Your +0 cloak melds into your body.
Your +0 robe melds into your body.
The +6 orcbow of Vyoheesh {freeze, *Corrode rN+++ Will+ Dex-3} stops glowing.
2065 ||| FLEEEEING.
You hit Pikel but do no damage.
Pikel is severely wounded.
2066 ||| FLEEEEING.
You closely miss Pikel.
Pikel is severely wounded.
Pikel hits you with a +1 whip of electrocution!
Ouch! That really hurt!
You are electrocuted!!
Ouch! That really hurt!
You die...
Pikel says, "Another soul for the market."

#.. #..#.#
#####..#.#
.........5#.#
.............
............ #
#......###5###.#.#
#......##.5Kh....#
##...<..##..####.##
...............#.
#.........##.....
#.........|......
#=.$.......#+###+
#..........#
#..........#
#..........#


You could see Pikel and 2 lemures.

Vanquished Creatures
  A lemure (D:4)
  A hound (D:3)
  3 adders
  2 dart slugs
  A ribbon worm (D:3)
  2 orcs
  3 ball pythons
  7 endoplasms
  A giant cockroach (D:1)
  9 goblins
  3 hobgoblins
  3 jackals (D:1)
  4 quokkas
  6 bats
  5 frilled lizards
  4 kobolds
  5 rats
60 creatures vanquished.

Notes
Turn   | Place    | Note
-------+----------+-------------------------------------------
     0 | D:1      | qw the Spriggan Hunter began the quest for the Orb.
     0 | D:1      | Reached XP level 1. HP: 10/10 MP: 2/2
     0 | D:1      | 0 ||| qw: Version: 0.3-a-160-g6735b56
     0 | D:1      | 0 ||| qw: Game counter: 4860
     0 | D:1      | 0 ||| qw: Melee chars always use a shield: true
     0 | D:1      | 0 ||| qw: God list: Okawaru
     0 | D:1      | 0 ||| qw: Allow faded altars: false
     0 | D:1      | 0 ||| qw: Do Orc after clearing Dungeon:15 true
     0 | D:1      | 0 ||| qw: Do second Lair branch before Depths: true
     0 | D:1      | 0 ||| qw: Lair rune preference: random
     0 | D:1      | 0 ||| qw: Goals: Normal
     0 | D:1      | 0 ||| PLANNING D:1-11
    76 | D:1      | Reached skill level 3 in Dodging
   136 | D:1      | Reached XP level 2. HP: 14/14 MP: 3/3
   283 | D:1      | Reached XP level 3. HP: 13/18 MP: 4/4
   530 | D:1      | 530 ||| READING scroll labelled QYVOTZUNOXT.
   531 | D:1      | 531 ||| READING scroll labelled PEAPOOT ANESKY.
   532 | D:1      | 532 ||| READING scroll labelled COCAIKH NYRYURAQ.
   532 | D:1      | 532 ||| IDENTIFYING fuming dark potion
   533 | D:1      | 533 ||| DROPPING scroll of butterflies.
   534 | D:1      | 534 ||| DROPPING potion of ambrosia.
   559 | D:2      | Found a faded altar of an unknown god.
   572 | D:2      | 572 ||| FLEEEEING.
   573 | D:2      | 573 ||| FLEEEEING.
   844 | D:2      | Reached skill level 5 in Ranged Weapons
  1137 | D:2      | 1137 ||| UPGRADING to +0 cloak.
  1142 | D:2      | 1142 ||| READING scroll labelled NOIXIKHL KAMUSO.
  1142 | D:2      | Identified a scroll of acquirement
  1142 | D:2      | 1142 ||| ACQUIRING +6 orcbow of Vyoheesh {freeze, *Corrode
                  | rN+++ Will+ Dex-3}
  1142 | D:2      | Acquired the +6 orcbow of Vyoheesh {freeze, *Corrode rN+++
                  | Will+ Dex-3}
  1144 | D:2      | 1144 ||| SWAPPING to +6 orcbow of Vyoheesh {freeze,
                  | *Corrode rN+++ Will+ Dex-3}.
  1145 | D:2      | 1145 ||| DROPPING +0 shortbow.
  1146 | D:2      | 1146 ||| DRINKING 2 sedimented clear potions.
  1195 | D:2      | 1195 ||| DROPPING potion of lignification.
  1277 | D:3      | Reached XP level 4. HP: 20/22 MP: 5/5
  1399 | D:3      | Found an ornate altar of the Wu Jian Council.
  1536 | D:3      | Found a glowing silver altar of Zin.
  1933 | D:3      | 1933 ||| READING scroll of identify.
  1933 | D:3      | 1933 ||| IDENTIFYING murky brown potion
  1934 | D:3      | 1934 ||| READING 2 scrolls labelled RALULE XAIVIO.
  1935 | D:3      | 1935 ||| READING scroll labelled COPEICWYUMU.
  1936 | D:3      | 1936 ||| DRINKING 2 black potions.
  1937 | D:3      | 1937 ||| DROPPING scroll of poison.
  1939 | D:3      | 1939 ||| Stepping ~*~*~tactically~*~*~ (cloud).
  2045 | D:4      | Noticed a lemure
  2045 | D:4      | Noticed a lemure
  2046 | D:4      | 2046 ||| RETREEEEATING.
  2046 | D:4      | Noticed Pikel
  2047 | D:4      | 2047 ||| RETREEEEATING.
  2047 | D:4      | Noticed a lemure
  2048 | D:4      | 2048 ||| RETREEEEATING.
  2049 | D:4      | 2049 ||| RETREEEEATING.
  2049 | D:4      | Noticed a lemure
  2050 | D:4      | 2050 ||| RETREEEEATING.
  2051 | D:4      | 2051 ||| RETREEEEATING.
  2052 | D:4      | 2052 ||| DRINKING potion of haste.
  2063 | D:4      | Killed a lemure
  2065 | D:4      | 2065 ||| FLEEEEING.
  2066 | D:4      | 2066 ||| FLEEEEING.
  2066 | D:4      | HP: 4/23 [Pikel/+1 whip of electrocution (14)]
  2066 | D:4      | Demolished by Pikel

Levels and vault maps discovered:
D:1:      dpeg_arrival_castle, layout_rooms, st_stairs_1
D:2:      layout_loops_cross, basic_ecumenical_altar, kennysheep_generic_room_5
D:3:      layout_loops_ring, mainiacjoe_overflow_tiny_flanked,
          nicolae_overflow_hidden_temple
D:4:      layout_basic, mainiacjoe_overflow_six_doors_small, slow_altar_2,
          uniq_pikel

Skill      XL: |  1  2  3  4 |
---------------+-------------+-----
Dodging        | 3 4 |  4.1
Ranged Weapons | 5 |  5.3
Fighting       | 2 |  2.4
Stealth        | |  1.5

Action                     |  1- 3 |  4- 6 || total
---------------------------+-------+-------++-------
  Melee: Unarmed           |       |     2 ||     2
   Fire: Shortbow          |   115 |       ||   115
         Orcbow            |     5 |    37 ||    42
    Use: Scroll            |     4 |     3 ||     7
         Potion            |     1 |     2 ||     3
 Armour: Robe              |    19 |     6 ||    25
         Skin              |       |     1 ||     1
  Dodge: Dodged            |    45 |    17 ||    62

Table legend:
 A = Non-vault XP
 B = Vault XP
 C = Vault XP percentage of total XP
 D = Non-vault monster count
 E = Vault monster count
 F = Vault count percentage of total count
                 A         B        C        D         E       F
            +---------+---------+-------+---------+---------+-------
      Total |     178 |       6 |   3.3 |      56 |       3 |   5.1
            +---------+---------+-------+---------+---------+-------
        D:1 |      48 |       4 |   7.7 |      28 |       2 |   6.7
        D:2 |      39 |       2 |   4.9 |      15 |       1 |   6.2
        D:3 |      78 |       0 |   0.0 |      12 |       0 |   0.0
        D:4 |      13 |       0 |   0.0 |       1 |       0 |   0.0
            +---------+---------+-------+---------+---------+-------
